 Dungeon Crawl Stone Soup version 0.29.1-15-g9cfb28693d (webtiles) character file.

Game seed: 17184755377441283000

256 Smoke131 the Trooper (level 6, 0/61 (63) HPs)
             Began as an Ogre Gladiator on Mar 6, 2023.
             Was an Initiate of Gozag.
             Succumbed to Crazy Yiuf's poison
             ... on level 2 of the Dungeon.
             The game lasted 00:07:02 (3433 turns).

Smoke131 the Trooper (Ogre Gladiator)               Turns: 3433, Time: 00:07:02

HP:   0/61 (63)     AC:  3    Str: 21    XL:     6   Next: 15%
MP:   1/6           EV: 10    Int:  9    God:    Gozag
Gold: 141           SH:  0    Dex: 10    Spells: 5/5 levels left

rFire   . . .      SeeInvis .   a - +0 trident
rCold   + . .      Faith    .   (no shield)
rNeg    . . .      Spirit   .   b - +0 robe
rPois   .          Reflect  .   c - +0 hat
rElec   .          Harm     .   (no cloak)
rCorr   .          Rampage  .   (gloves unavailable)
Will    .....                   (boots unavailable)
Stlth   +.........              j - amulet of regeneration
HPRegen 1.00/turn               p - ring of protection from cold
MPRegen 0.10/turn               (no ring)

@: lethally poisoned (0 -> -9), lightly drained
A: large, unfitting armour, tough skin 1
a: Renounce Religion, Potion Petition, Call Merchant, Bribe Branch


You were on level 2 of the Dungeon.
You worshipped Gozag.
Gozag was aware of your devotion.
You visited 1 branch of the dungeon, and saw 3 of its levels.

You collected 170 gold pieces.
You paid 29 gold pieces to Gozag.

Inventory:

Hand Weapons
 a - a +0 trident (weapon)
Missiles
 d - a throwing net
 e - a large rock
 l - 6 datura-tipped darts
 q - 7 boomerangs (quivered)
 s - 3 javelins
Armour
 b - a +0 robe (worn)
 c - a +0 hat (worn)
Jewellery
 j - an amulet of regeneration (around neck)
 p - a ring of protection from cold (left hand)
Scrolls
 g - 3 scrolls of butterflies {unknown}
 k - 2 scrolls of noise {unknown}
 n - 2 scrolls of identify {unknown}
 r - a scroll of teleportation {unknown}
 t - a scroll of blinking {unknown}
 u - a scroll of fear {unknown}
Potions
 f - a potion of ambrosia {unknown}
 h - a potion of degeneration {unknown}
 i - a potion of invisibility {unknown}
 m - a potion of lignification {unknown}
 o - a potion of curing


   Skills:
 + Level 4.5 Fighting
 + Level 4.1 Polearms
 + Level 3.4 Throwing
 + Level 2.1 Armour
 - Level 3.0 Dodging


You had 5 spell levels left.
You didn't know any spells.
Your spell library contained the following spells:

 Spells                   Type           Power      Damage    Failure   Level
 Gell's Gravitas          Tloc           0%         N/A       77%         3
 Lesser Beckoning         Tloc           0%         N/A       77%         3
 Teleport Other           Tloc           0%         N/A       77%         3


Dungeon Overview and Level Annotations

Branches:
Dungeon (3/15)

Altars:
Gozag
Wu Jian

Annotations:
D:2 Crazy Yiuf


Innate Abilities, Weirdness & Mutations

You are too large for most types of armour.
You have tough skin. (AC +1)


Message History

There is an open door here.
There is a stone staircase leading up here.
You climb upwards.
Level annotation: 1 runed translucent door, Crazy Yiuf
There is a stone staircase leading down here.
Things that are here:
5 stones; a +0 club You see here 3 stones.
Crazy Yiuf shouts!
As you open the door, it creaks loudly!
Throw: 7 boomerangs
Press: ? - help, Q - select action, (/) - cycle Shift-Dir - straight line, f - Crazy Yiuf
Aim: Crazy Yiuf, wielding a +4 quarterstaff of chaos and wearing a +0 cloak (63% to hit)
You throw a boomerang.
The boomerang closely misses Crazy Yiuf.
Throw: 7 boomerangs
Press: ? - help, Q - select action, (/) - cycle Shift-Dir - straight line, f/p - Crazy Yiuf
Aim: Crazy Yiuf, wielding a +4 quarterstaff of chaos and wearing a +0 cloak (63% to hit)
You throw a boomerang. The boomerang barely misses Crazy Yiuf.
Crazy Yiuf hits you with a +4 quarterstaff of chaos!
You feel your power leaking away.
You closely miss Crazy Yiuf.
Crazy Yiuf hits you with a +4 quarterstaff of chaos!
You feel your power leaking away.
Crazy Yiuf hits you with a +4 quarterstaff of chaos!!
You feel drained.
* * * LOW HITPOINT WARNING * * *
It was a potion of curing.
You feel better.
Crazy Yiuf hits you with a +4 quarterstaff of chaos.
You are electrocuted!!
* * * LOW HITPOINT WARNING * * *
Crazy Yiuf says, "Crazy?
Crazy!?
PORCUPINE!"
Crazy Yiuf grits, "Lugonu bag blue!"
Crazy Yiuf attacks as you move away! Crazy Yiuf closely misses you.
Crazy Yiuf attacks as you move away!
Crazy Yiuf hits you with a +4 quarterstaff of chaos!
* * * LOW HITPOINT WARNING * * *
You are lethally poisoned!
You die...
Your body crumbles into a pile of gold.

#.# #.# #.......#
#.# #)# #.......#
#.# #.# ###...###
#.# #####.# #...#
#.# #.....# #.###
### ####### #.#
#.# ####(# ###
♣♣##.@..# #)..#♣♣
♣♣..g..###
#...'.♣♣♣♣......#
#...#♣..♣......##
### ♣♣♣.♣....##
♣♣♣♣♣### ###
##.##


You could see Crazy Yiuf.

Vanquished Creatures
  Terence (D:2)
  Natasha (thrice) (D:2)
  Robin (D:2)
  5 adders
  7 dart slugs
  8 orcs (D:3)
  3 endoplasms
  8 giant cockroaches
  11 goblins
  7 hobgoblins
  7 kobolds
  2 quokkas
  4 ball pythons
  5 bats
  3 frilled lizards
  4 rats
79 creatures vanquished.

Notes
Turn   | Place    | Note
-------+----------+-------------------------------------------
     0 | D:1      | Smoke131 the Ogre Gladiator began the quest for the Orb.
     0 | D:1      | Reached XP level 1. HP: 22/22 MP: 1/1
   147 | D:1      | Reached XP level 2. HP: 29/29 MP: 2/2
   500 | D:1      | Reached XP level 3. HP: 21/37 MP: 3/3
   659 | D:1      | Found a faded altar of an unknown god.
  1050 | D:2      | Noticed Terence
  1063 | D:2      | Reached skill level 1 in Armour
  1103 | D:2      | Killed Terence
  1104 | D:2      | Reached XP level 4. HP: 34/46 MP: 4/4
  1125 | D:2      | Found an ornate altar of the Wu Jian Council.
  1324 | D:2      | Noticed Natasha
  1348 | D:2      | Killed Natasha
  1349 | D:2      | Reached XP level 5. HP: 28/54 MP: 5/5
  1599 | D:2      | Noticed Robin
  1606 | D:2      | Noticed Natasha
  1626 | D:2      | Killed Robin
  1646 | D:2      | Killed Natasha
  1827 | D:2      | Found a runed translucent door.
  1828 | D:2      | Noticed Crazy Yiuf
  2123 | D:2      | Noticed Natasha
  2141 | D:2      | Killed Natasha
  2485 | D:3      | Reached XP level 6. HP: 60/63 MP: 6/6
  2571 | D:3      | Found an opulent altar of Gozag.
  2599 | D:3      | Became a worshipper of Gozag Ym Sagoz the Greedy
  3423 | D:2      | HP: 3/61 [Crazy Yiuf/+4 quarterstaff of chaos (19)]
  3433 | D:2      | HP: 3/61 [Crazy Yiuf/+4 quarterstaff of chaos (9)]
  3433 | D:2      | Succumbed to Crazy Yiuf's poison

Illustrated notes

Levels and vault maps discovered:
D:1:      dpeg_arrival_shrine, layout_rooms,
          chequers_ecumenical_altar_simple_redux, minmay_pentomino_w2
D:2:      layout_loops_ring, basic_altar, uniq_crazy_yiuf_cottage, uniq_terence,
          uniq_natasha, uniq_robin
D:3:      layout_loops_corners, grunt_gozag_statues

Skill      XL: |  1  2  3  4  5 |
---------------+----------------+-----
Fighting       | 3 4 |  4.5
Dodging        | 3 |  3.0
Armour         | 1 2 |  2.1
Throwing       | 3 |  3.4
Polearms       | 4 |  4.1

Action                   |  1- 3 |  4- 6 || total
-------------------------+-------+-------++-------
Melee: Trident           |    99 |   174 ||   273
       Punch             |       |     1 ||     1
Throw: Throwing net      |     2 |       ||     2
       Boomerang         |       |    21 ||    21
  Use: Potion            |       |     1 ||     1
 Stab: Sleeping          |       |     4 ||     4
Armor: Robe              |    35 |    62 ||    97
Dodge: Dodged            |    79 |   115 ||   194
